[Event "Iranian Final Chess Championship"]
[Site "?"]
[Date "2006.12.24"]
[Round "4"]
[White "Ghorbani, Mohsen"]
[Black "Darban, Morteza"]
[Result "1-0"]
[WhiteElo "2304"]
[BlackElo "2396"]
[PlyCount "95"]
[EventDate "2006.??.??"]
[TimeControl "240+2"]

{71MB, Fritz8.ctg} 1. d4 Nf6 2. c4 e6 3. Nf3 d5 4. Nc3 dxc4 5. Bg5 Bb4 6. e4 c5
7. Bxc4 cxd4 8. Nxd4 Bxc3+ 9. bxc3 Qa5 10. Bb5+ Bd7 11. Bxf6 gxf6 12. Qb3 Bxb5
13. Nxb5 O-O 14. O-O Nd7 15. c4 a6 16. Qg3+ Kh8 17. Nd6 b6 18. Rfd1 Qg5 19. Qh3
Ra7 20. g3 Nc5 21. Rab1 Rd7 22. Rd4 Rg8 23. Rbd1 Qf4 24. Qg2 Qe5 25. Qf3 Nb7
26. c5 bxc5 27. Nc4 Qxd4 28. Rxd4 cxd4 29. Qxf6+ Rg7 30. Ne5 Rc7 31. h4 Kg8 32.
h5 Kf8 33. h6 Rg8 34. Nd3 Rd7 35. Qf4 Nd6 36. Nc5 Ke7 37. Nxd7 Kxd7 38. Qe5 d3
39. Qd4 Rg4 40. Qxd3 Rxe4 41. Qxa6 Rg4 42. a4 Rg6 43. a5 Rxh6 44. Qa7+ Kc8 45.
Qc5+ Kd7 46. a6 Ne8 47. Qb5+ Ke7 48. Qb4+ 1-0

[Event "Iranian Final Chess Championship"]
[Site "?"]
[Date "2006.12.24"]
[Round "4"]
[White "Ghaem Maghami, Ehsan"]
[Black "Alavi, Sayed Javad"]
[Result "0-1"]
[WhiteElo "2580"]
[BlackElo "2368"]
[PlyCount "72"]
[EventDate "2006.??.??"]
[TimeControl "240+2"]

{71MB, Fritz8.ctg} 1. c4 e5 2. Nc3 Nf6 3. g3 Bb4 4. Bg2 O-O 5. d3 Nc6 6. e4
Bxc3+ 7. bxc3 d6 8. Nf3 h6 9. h3 a6 10. a4 Bd7 11. Be3 Ne7 12. a5 c5 13. g4 Bc6
14. Qd2 Ng6 15. Bf1 b6 16. Be2 b5 17. g5 hxg5 18. Bxg5 bxc4 19. Rg1 cxd3 20.
Bxd3 Nf4 21. Rg4 Nxh3 22. Rh4 Nxg5 23. Qxg5 Re8 24. Kd2 Kf8 25. Rd1 Qxa5 26.
Ke2 Qa2+ 27. Rd2 Qe6 28. Qg3 Ke7 29. Ng5 Qb3 30. Bc2 Bb5+ 31. Ke1 Qc4 32. Rd3
Rh8 33. Kd2 Qa2 34. c4 Ba4 35. Rc3 Rxh4 36. Qxh4 Rb8 0-1

[Event "Iranian Final Chess Championship"]
[Site "?"]
[Date "2006.12.24"]
[Round "4"]
[White "Golizadeh, Asghar"]
[Black "Ardeshi, Mehrdad"]
[Result "1-0"]
[WhiteElo "2233"]
[BlackElo "2379"]
[PlyCount "137"]
[EventDate "2006.??.??"]
[TimeControl "240+2"]

{71MB, Fritz8.ctg} 1. e4 e5 2. Nf3 Nc6 3. Bb5 a6 4. Ba4 Nf6 5. O-O Be7 6. Re1
b5 7. Bb3 O-O 8. d3 d6 9. c3 Na5 10. Bc2 c5 11. Nbd2 Re8 12. Nf1 h6 13. h3 Bf8
14. N3h2 d5 15. Qf3 dxe4 16. dxe4 Nc4 17. Rd1 Qe7 18. b3 Nb6 19. Ng4 Nxg4 20.
hxg4 Bb7 21. Ne3 g6 22. g3 Rad8 23. Re1 b4 24. c4 Rd4 25. Kg2 Nc8 26. Nd5 Bxd5
27. cxd5 Nd6 28. Be3 Nb5 29. Bxd4 Nxd4 30. Qd1 a5 31. a3 Qc7 32. axb4 cxb4 33.
Bd3 Rc8 34. Bc4 Qd8 35. Ra4 Rc5 36. Qd3 Qg5 37. f4 Qf6 38. fxe5 Qxe5 39. Rea1
Nxb3 40. Re1 Bd6 41. Qxb3 Rxc4 42. Qf3 Rc2+ 43. Kf1 Rc3 44. Re3 Rc1+ 45. Re1
Rc3 46. Re3 Rc5 47. Ra2 Kg7 48. Rf2 Rc7 49. Ra2 Ra7 50. Ra4 Bc5 51. Re2 Ra6 52.
Kg2 Rf6 53. Qd3 Bb6 54. Rd2 Bc7 55. Raa2 b3 56. Ra3 a4 57. Rxa4 Rb6 58. Rd1 b2
59. Rb1 Bd6 60. Rc4 Ra6 61. Qd4 Ra3 62. Qxb2 Rxg3+ 63. Kf2 Qxb2+ 64. Rxb2 Rxg4
65. Rb6 Bh2 66. d6 Bg1+ 67. Kf3 Rg5 68. Rb8 Rb5 69. Rxb5 1-0

[Event "Iranian Final Chess Championship"]
[Site "?"]
[Date "2006.12.25"]
[Round "5"]
[White "Ardeshi, Mehrdad"]
[Black "Moradi, Behrooz"]
[Result "1-0"]
[WhiteElo "2379"]
[BlackElo "2299"]
[PlyCount "91"]
[EventDate "2006.??.??"]
[TimeControl "240+2"]

{71MB, Fritz8.ctg} 1. d4 Nf6 2. Bg5 e6 3. e4 Be7 4. Nd2 d6 5. Ngf3 Nbd7 6. c3
h6 7. Bxf6 Bxf6 8. Bd3 O-O 9. O-O e5 10. Re1 Re8 11. Bc4 c6 12. a4 Nf8 13. dxe5
dxe5 14. Nf1 Qc7 15. Ne3 g6 16. h4 h5 17. g3 Bh3 18. Qc2 Rad8 19. Rad1 Bc8 20.
Rxd8 Rxd8 21. Rd1 Rxd1+ 22. Qxd1 Ne6 23. Qc2 a5 24. Kf1 Qd6 25. Ke2 Nc5 26. Ba2
b6 27. Bc4 Kg7 28. Ke1 Qc7 29. Nd2 Be7 30. Be2 Be6 31. Bc4 Bd7 32. Ba2 Bd8 33.
Nf3 Bc8 34. Bc4 Qd6 35. Be2 Qe7 36. Bc4 Qd6 37. Be2 f6 38. Nd2 Qe6 39. Bc4 Qh3
40. b4 Nb7 41. Ba2 Be6 42. Nf5+ Bxf5 43. exf5 Qxf5 44. Qb3 Qd7 45. Qg8+ Kh6 46.
Bf7 1-0

[Event "Iranian Final Chess Championship"]
[Site "?"]
[Date "2006.12.25"]
[Round "5"]
[White "Alavi, Sayed Javad"]
[Black "Golizadeh, Asghar"]
[Result "0-1"]
[WhiteElo "2368"]
[BlackElo "2233"]
[PlyCount "82"]
[EventDate "2006.??.??"]
[TimeControl "240+2"]

{71MB, Fritz8.ctg} 1. e4 c5 2. Nf3 d6 3. Bb5+ Nc6 4. Bxc6+ bxc6 5. O-O e5 6. d3
Nf6 7. c3 Be7 8. h3 O-O 9. Be3 c4 10. d4 Nxe4 11. dxe5 d5 12. Nbd2 Nc5 13. b3
cxb3 14. axb3 a5 15. Nd4 Qc7 16. b4 Ne6 17. bxa5 Bd7 18. f4 Rxa5 19. Nf5 Bc5
20. Bxc5 Rxc5 21. Qf3 Qb6 22. Qe3 Qb2 23. Rac1 d4 24. Nxd4 Nxd4 25. Qxd4 Rd5
26. Nc4 Qe2 27. Qe3 Qxc4 28. Rcd1 c5 29. Rxd5 Qxd5 30. f5 Re8 31. e6 fxe6 32.
f6 Rf8 33. Qg3 g6 34. h4 Bb5 35. Rf2 e5 36. Qg5 Qd6 37. g3 Bc6 38. c4 Qd1+ 39.
Rf1 Qd4+ 40. Rf2 Rf7 41. g4 Ra7 0-1

[Event "Iranian Final Chess Championship"]
[Site "?"]
[Date "2006.12.25"]
[Round "5"]
[White "Darban, Morteza"]
[Black "Ghaem Maghami, Ehsan"]
[Result "0-1"]
[WhiteElo "2396"]
[BlackElo "2580"]
[PlyCount "118"]
[EventDate "2006.??.??"]
[TimeControl "240+2"]

{71MB, Fritz8.ctg} 1. e4 e5 2. Nf3 d6 3. d4 exd4 4. Nxd4 Nf6 5. Nc3 Be7 6. Be2
O-O 7. O-O Re8 8. Re1 Bf8 9. Bf1 Nbd7 10. Bf4 c6 11. h3 Qc7 12. a4 a6 13. a5 g6
14. g3 Ne5 15. b3 Bg7 16. Bg2 Be6 17. Qd2 Rad8 18. Nxe6 fxe6 19. Bxe5 dxe5 20.
Qe3 Bf8 21. Ra4 Rd7 22. Nd1 Rd4 23. Rxd4 exd4 24. Qxd4 Qxa5 25. Rf1 e5 26. Qa7
Qb4 27. Nb2 Bc5 28. Nd3 Bxa7 29. Nxb4 a5 30. Ra1 Bxf2+ 31. Kxf2 axb4 32. Ra4
Rd8 33. Ke3 Kf8 34. Bf3 Ne8 35. Ra5 b5 36. Ra7 Nf6 37. Rc7 Rd6 38. h4 h6 39.
Be2 h5 40. Bf3 Ne8 41. Ra7 Rf6 42. g4 hxg4 43. Bxg4 Rf4 44. Bd7 Rf7 45. Rb7 c5
46. Bc6 Rxb7 47. Bxb7 Nc7 48. Bc8 Ke7 49. Kf3 c4 50. Kg4 Kf6 51. Kg3 Ke7 52.
Kg4 Kf6 53. Kf3 c3 54. Kg4 Ne8 55. Bb7 Nd6 56. Bd5 Nc4 57. bxc4 b3 58. c5 bxc2
59. c6 c1=Q 0-1

[Event "Iranian Final Chess Championship"]
[Site "?"]
[Date "2006.12.25"]
[Round "5"]
[White "Toufighi, Homayoun"]
[Black "Ghorbani, Mohsen"]
[Result "0-1"]
[WhiteElo "2386"]
[BlackElo "2304"]
[PlyCount "60"]
[EventDate "2006.??.??"]
[TimeControl "240+2"]

{71MB, Fritz8.ctg} 1. e4 c6 2. Nf3 d6 3. d4 Nf6 4. Nc3 g6 5. h3 Bg7 6. Be3 Qc7
7. Be2 Nbd7 8. Qd2 O-O 9. O-O Re8 10. Rad1 a6 11. Rfe1 b5 12. a3 Bb7 13. Bh6
Rad8 14. Qg5 c5 15. Bxg7 Kxg7 16. e5 cxd4 17. exf6+ exf6 18. Nxb5 axb5 19. Qxb5
Bxf3 20. Bxf3 Rb8 21. Qa4 Rxe1+ 22. Rxe1 Rxb2 23. Re7 d3 24. Rxd7 Qxd7 25. Qxd7
dxc2 26. Qc7 Rb1+ 27. Kh2 c1=Q 28. Qxd6 Ra1 29. Bd5 Qd2 30. Qc5 Rc1 0-1

[Event "Iranian Final Chess Championship"]
[Site "?"]
[Date "2006.12.25"]
[Round "5"]
[White "Roghani, Arash"]
[Black "Mahjoob, Morteza"]
[Result "1/2-1/2"]
[WhiteElo "2383"]
[BlackElo "2465"]
[PlyCount "120"]
[EventDate "2006.??.??"]
[TimeControl "240+2"]

{71MB, Fritz8.ctg} 1. d4 Nf6 2. c4 e6 3. Nf3 b6 4. g3 Ba6 5. Qa4 Be7 6. Bg2 O-O
7. Nc3 c6 8. Ne5 Qc8 9. O-O d5 10. Bf4 Qb7 11. Qb3 b5 12. cxb5 cxb5 13. Rfe1
Nbd7 14. e4 Nb6 15. Rac1 Rac8 16. Bg5 Nxe4 17. Nxe4 Rxc1 18. Rxc1 dxe4 19. Bxe7
Qxe7 20. Bxe4 Qd6 21. Qd3 f5 22. Bf3 Nc4 23. Nxc4 bxc4 24. Qc3 Rb8 25. Rc2 h6
26. Re2 Rd8 27. Re1 Kh7 28. Re5 Qxd4 29. Rxe6 Qxc3 30. bxc3 Bc8 31. Re7 Rd3 32.
Bb7 Bd7 33. Kf1 Ba4 34. Bc8 Kg6 35. Rxa7 Bc2 36. Ra6+ Kg5 37. h4+ Kh5 38. Bxf5
Rxc3 39. Bxc2 Rxc2 40. Kg2 g5 41. hxg5 hxg5 42. Kf3 g4+ 43. Ke3 Rc3+ 44. Ke2
Rc2+ 45. Ke3 Rc3+ 46. Kd2 Rd3+ 47. Ke2 Rc3 48. a4 Rc2+ 49. Ke3 Rc3+ 50. Kd2 Rf3
51. Ke2 Ra3 52. a5 Ra2+ 53. Ke3 c3 54. Ra8 Rd2 55. a6 Rd6 56. a7 c2 57. Rc8 Ra6
58. Rc5+ Kg6 59. Rxc2 Rxa7 60. Rc4 Ra3+ 1/2-1/2

[Event "Iranian Final Chess Championship"]
[Site "?"]
[Date "2006.12.25"]
[Round "5"]
[White "Bagheri, Amir"]
[Black "Moosavian, S.Hamed"]
[Result "1-0"]
[WhiteElo "2486"]
[BlackElo "2345"]
[PlyCount "89"]
[EventDate "2006.??.??"]
[TimeControl "240+2"]

{71MB, Fritz8.ctg} 1. d4 e6 2. Nf3 d5 3. c4 c6 4. Qc2 f5 5. Bg5 Nf6 6. Nbd2 Be7
7. e3 O-O 8. Bd3 Ne4 9. Bxe7 Qxe7 10. O-O Rf6 11. Ne5 Nd7 12. Bxe4 fxe4 13. f3
Nxe5 14. dxe5 Rf5 15. f4 b6 16. cxd5 cxd5 17. Nb3 Ba6 18. Rfc1 Rc8 19. Qd2 Rff8
20. Rxc8 Rxc8 21. Rc1 Qd7 22. Rxc8+ Qxc8 23. Nd4 Qc4 24. h3 Bc8 25. a3 Qc7 26.
Kh2 h5 27. Qf2 Qe7 28. b4 Bd7 29. Qg3 Kh7 30. Qf2 a5 31. Qd2 axb4 32. axb4 g5
33. Qe2 Kh6 34. Qf2 Kg6 35. Qg3 Kh6 36. f5 h4 37. Qg4 exf5 38. Qxf5 Kg7 39. e6
Be8 40. Kg1 Kh6 41. Qe5 Bg6 42. Qh8+ Qh7 43. Qf8+ Qg7 44. e7 g4 45. Nf5+ 1-0

[Event "Iranian Final Chess Championship"]
[Site "?"]
[Date "2006.12.26"]
[Round "6"]
[White "Moradi, Behrooz"]
[Black "Moosavian, S.Hamed"]
[Result "0-1"]
[WhiteElo "2299"]
[BlackElo "2345"]
[PlyCount "126"]
[EventDate "2006.??.??"]
[TimeControl "240+2"]

{71MB, Fritz8.ctg} 1. e4 e6 2. d4 d5 3. Nd2 c5 4. exd5 exd5 5.
Ngf3 Nc6 6. Bb5 Bd6 7. O-O Nge7 8. dxc5 Bxc5 9. Nb3 Bb6 10. Re1 O-O 11. Be3 Bf5
12. Bxb6 Qxb6 13. Bxc6 Nxc6 14. c3 Be4 15. Nfd4 a5 16. Nxc6 bxc6 17. Qd4 Qb5
18. Qc5 Rfb8 19. f3 Bd3 20. Qe7 h6 21. Nc5 Bg6 22. b3 Kh7 23. Qe3 Re8 24. Qd4
Rad8 25. Kf2 Qb8 26. g3 Qc8 27. g4 h5 28. h3 Qc7 29. Kg2 Kg8 30. gxh5 Bxh5 31.
Re3 Rxe3 32. Qxe3 Rd6 33. f4 Qd8 34. Re1 Qh4 35. Kh2 Rf6 36. Rf1 Rg6 37. Nd7
Re6 38. Ne5 f6 39. Ng6 Rxe3 40. Nxh4 Rxc3 41. Kg2 g6 42. Rf2 d4 43. Rd2 c5 44.
Kh2 Kf7 45. f5 g5 46. Ng2 Rf3 47. Ne1 Rxf5 48. Nd3 a4 49. Rc2 axb3 50. axb3 Bd1
51. Rxc5 Rxc5 52. Nxc5 Bc2 53. b4 f5 54. b5 d3 55. b6 d2 56. b7 d1=Q 57. b8=Q
Qe2+ 58. Kg1 Qe3+ 59. Kg2 Qxc5 60. Qb7+ Qe7 61. Qd5+ Qe6 62. Qb7+ Kg6 63. Qc7
Qe2+ 0-1

[Event "Iranian Final Chess Championship"]
[Site "?"]
[Date "2006.12.26"]
[Round "6"]
[White "Ghorbani, Mohsen"]
[Black "Roghani, Arash"]
[Result "0-1"]
[WhiteElo "2304"]
[BlackElo "2383"]
[PlyCount "114"]
[EventDate "2006.??.??"]
[TimeControl "240+2"]

{71MB, Fritz8.ctg} 1. d4 Nf6 2. Nf3 d5 3. Bf4 c5 4. e3 e6 5. Nbd2 Nc6 6. c3 Bd6
7. Ne5 Qc7 8. Bb5 O-O 9. Ndf3 Nh5 10. Bxc6 Nxf4 11. exf4 bxc6 12. dxc5 Bxc5 13.
O-O Bd6 14. Re1 f6 15. Nd3 Bxf4 16. Nd4 Bxh2+ 17. Kh1 Be5 18. Nc5 Re8 19. Qa4
Bd7 20. Re2 Bxd4 21. cxd4 e5 22. Rae1 e4 23. Rc2 Rec8 24. Qa3 f5 25. b4 Rf8 26.
b5 cxb5 27. Qb3 Qd6 28. Kg1 Rac8 29. f4 exf3 30. Qxf3 Rce8 31. Re5 Rxe5 32.
dxe5 Qc6 33. Qf2 Rc8 34. Qh4 Re8 35. Qd4 h6 36. Kh1 Kh7 37. Rc3 Be6 38. a3 Qb6
39. Qh4 a5 40. Qh5 Re7 41. Qh4 Rf7 42. Qh5 f4 43. Qf3 b4 44. axb4 axb4 45. Rc2
Rf5 46. Qd3 Kh8 47. Qd4 f3 48. gxf3 Rxf3 49. Kg2 Rf5 50. Rb2 Bf7 51. e6 Bxe6
52. Rxb4 Qd6 53. Qe3 Rg5+ 54. Kf1 Re5 55. Qd4 Bh3+ 56. Kf2 Qf6+ 57. Kg3 Rg5+
0-1

[Event "Iranian Final Chess Championship"]
[Site "?"]
[Date "2006.12.26"]
[Round "6"]
[White "Ghaem Maghami, Ehsan"]
[Black "Toufighi, Homayoun"]
[Result "1-0"]
[WhiteElo "2580"]
[BlackElo "2386"]
[PlyCount "73"]
[EventDate "2006.??.??"]
[TimeControl "240+2"]

{71MB, Fritz8.ctg} 1. d4 e6 2. c4 Nf6 3. Nf3 b6 4. a3 Bb7 5. Nc3 Be7 6. d5 O-O
7. e4 exd5 8. cxd5 Re8 9. Bd3 c6 10. O-O cxd5 11. exd5 d6 12. Nd4 Nbd7 13. Nc6
Bxc6 14. dxc6 Nc5 15. Bc4 Qc7 16. b4 Ne6 17. Bb2 Rad8 18. Nd5 Qxc6 19. Rc1 Qd7
20. Bxf6 Bxf6 21. Qd3 Qb7 22. Bb5 Rf8 23. Bc6 Qb8 24. Nxf6+ gxf6 25. Qg3+ Ng7
26. Rfe1 Qc8 27. Qh4 Qf5 28. Be4 Qh5 29. Qxf6 Rfe8 30. Rc3 Kf8 31. Rce3 Qe5 32.
Qh4 d5 33. Bxh7 Qb2 34. Bd3 Ne6 35. Bb5 Re7 36. Re5 Kg8 37. Qxe7 1-0

[Event "Iranian Final Chess Championship"]
[Site "?"]
[Date "2006.12.26"]
[Round "6"]
[White "Golizadeh, Asghar"]
[Black "Darban, Morteza"]
[Result "1-0"]
[WhiteElo "2233"]
[BlackElo "2396"]
[PlyCount "85"]
[EventDate "2006.??.??"]
[TimeControl "240+2"]

{71MB, Fritz8.ctg} 1. e4 c6 2. d4 d5 3. f3 e6 4. Nc3 Bb4 5. Bf4 Nf6 6. Qd3 Qa5
7. Nge2 c5 8. O-O-O cxd4 9. Qb5+ Nbd7 10. Rxd4 Qxb5 11. Nxb5 Ba5 12. Bc7 Be1
13. Bd6 Kd8 14. Nc7 Ne8 15. Nxe8 Rxe8 16. exd5 Bf2 17. Rd1 exd5 18. Rxd5 b6 19.
Rd1 Ba6 20. Nc3 Bxf1 21. Rhxf1 Be3+ 22. Kb1 Rc8 23. Rd3 Re6 24. Re1 Rc6 25. Bg3
Bc5 26. Red1 Re7 27. Nd5 Re2 28. Nc3 Re7 29. b3 Bd4 30. Nd5 Re2 31. c3 Be5 32.
Nf4 Bxf4 33. Rxd7+ Ke8 34. Bxf4 Rxg2 35. R1d6 Rc8 36. Rd3 g5 37. Be5 f5 38. Rd2
Rg1+ 39. Kc2 Kf8 40. R7d6 Re1 41. Rf6+ Ke7 42. Bd4 f4 43. Rh6 1-0

[Event "Iranian Final Chess Championship"]
[Site "?"]
[Date "2006.12.26"]
[Round "7"]
[White "Alavi, Sayed Javad"]
[Black "Moradi, Behrooz"]
[Result "1-0"]
[WhiteElo "2368"]
[BlackElo "2299"]
[PlyCount "81"]
[EventDate "2006.??.??"]
[TimeControl "240+2"]

{71MB, Fritz8.ctg} 1. e4 c5 2. Nf3 e6 3. d4 cxd4 4. Nxd4 Nf6 5. Nc3 d6 6. Bc4
Nc6 7. Be3 Be7 8. Qe2 a6 9. O-O-O Qc7 10. Bb3 Na5 11. g4 b5 12. g5 Nxb3+ 13.
axb3 Nd7 14. Nf5 exf5 15. Nd5 Qd8 16. exf5 Bb7 17. f6 gxf6 18. Rhe1 Bxd5 19.
Rxd5 Rg8 20. Bf4 Kf8 21. Bxd6 Bxd6 22. Rxd6 Rxg5 23. Qe4 Ra7 24. Qxh7 Re5 25.
Rdd1 Qc7 26. Kb1 Qc5 27. f4 Re3 28. Rg1 Ke8 29. Rg8+ Nf8 30. Qg7 Ra8 31. Qxf6
Rc8 32. c3 Re6 33. Qg7 b4 34. Rd5 Qe7 35. f5 Re1+ 36. Ka2 bxc3 37. Qd4 f6 38.
Qa4+ Kf7 39. Qg4 Ra1+ 40. Kxa1 cxb2+ 41. Kxb2 1-0

[Event "Iranian Final Chess Championship"]
[Site "?"]
[Date "2006.12.26"]
[Round "7"]
[White "Darban, Morteza"]
[Black "Ardeshi, Mehrdad"]
[Result "1-0"]
[WhiteElo "2396"]
[BlackElo "2379"]
[PlyCount "77"]
[EventDate "2006.??.??"]
[TimeControl "240+2"]

{71MB, Fritz8.ctg} 1. e4 c5 2. c3 d5 3. exd5 Qxd5 4. d4 Nf6 5. Nf3 Bg4 6. Be2
cxd4 7. cxd4 e6 8. h3 Bh5 9. Nc3 Bb4 10. O-O Qa5 11. Qb3 O-O 12. a3 Bxc3 13.
bxc3 Nbd7 14. Bf4 Nd5 15. Bd2 Qc7 16. c4 N5f6 17. Rfe1 Rfe8 18. Bf1 Bg6 19. a4
h6 20. Bb4 e5 21. c5 exd4 22. Rxe8+ Rxe8 23. Nxd4 Qf4 24. Qb2 Re4 25. c6 bxc6
26. Nxc6 Nd5 27. Bd2 Qd6 28. a5 a6 29. Bxa6 Nc5 30. Bb5 Nc7 31. Be3 Nxb5 32.
Qxb5 Nd3 33. Rd1 Rxe3 34. fxe3 Kh7 35. Nd4 Nc5 36. Rc1 Nd3 37. Rc3 Ne1 38. Qe2
Qg3 39. Qf2 1-0

[Event "Iranian Final Chess Championship"]
[Site "?"]
[Date "2006.12.26"]
[Round "7"]
[White "Toufighi, Homayoun"]
[Black "Golizadeh, Asghar"]
[Result "1-0"]
[WhiteElo "2386"]
[BlackElo "2233"]
[PlyCount "89"]
[EventDate "2006.??.??"]
[TimeControl "240+2"]

{71MB, Fritz8.ctg} 1. e4 c5 2. Nf3 Nf6 3. e5 Nd5 4. Nc3 Nxc3 5. dxc3 e6 6. Bd3
Be7 7. Qe2 Nc6 8. O-O f5 9. exf6 Bxf6 10. Ng5 Qe7 11. Nxh7 d6 12. Nxf6+ gxf6
13. b4 Bd7 14. Bg6+ Kd8 15. Be4 f5 16. Bxc6 Bxc6 17. Rd1 e5 18. bxc5 d5 19. Re1
Re8 20. Qh5 Qxc5 21. Qxf5 Qd6 22. Bg5+ Kc7 23. Bf6 Bd7 24. Qg5 e4 25. Rad1 Rg8
26. Qxd5 Qxd5 27. Rxd5 Bc6 28. Rg5 Rxg5 29. Bxg5 Rg8 30. Be3 a5 31. h4 Rh8 32.
g3 b5 33. Kh2 Bd5 34. a3 Kc6 35. Bd4 Rg8 36. Be3 Bf7 37. Bf4 Kd5 38. Rd1+ Kc4
39. Rd7 Bh5 40. Rc7+ Kd5 41. Be3 Be2 42. h5 Kd6 43. Bf4+ Ke6 44. h6 Rh8 45. Be3
1-0

[Event "Iranian Final Chess Championship"]
[Site "?"]
[Date "2006.12.26"]
[Round "7"]
[White "Roghani, Arash"]
[Black "Ghaem Maghami, Ehsan"]
[Result "0-1"]
[WhiteElo "2383"]
[BlackElo "2580"]
[PlyCount "108"]
[EventDate "2006.??.??"]
[TimeControl "240+2"]

{71MB, Fritz8.ctg} 1. Nf3 c5 2. c4 Nf6 3. Nc3 e6 4. e3 d5 5. d4 a6 6. dxc5 Bxc5
7. a3 dxc4 8. Qxd8+ Kxd8 9. Bxc4 b5 10. Bd3 Bb7 11. b4 Bd6 12. Bb2 Ke7 13. Ke2
Nbd7 14. Rac1 Rac8 15. Rhd1 Rhd8 16. h3 Nb6 17. Nb1 h6 18. Nbd2 Nbd7 19. Nb3 g6
20. g4 Bd5 21. Nbd2 e5 22. Bb1 e4 23. Nd4 Be5 24. Rxc8 Rxc8 25. Rc1 Bxd4 26.
exd4 Rxc1 27. Bxc1 Nb6 28. Nf1 h5 29. Bg5 hxg4 30. hxg4 Ke6 31. Bxf6 Kxf6 32.
Nd2 Kg5 33. Bxe4 Kxg4 34. Bxd5 Nxd5 35. Kd3 Kf4 36. Ke2 g5 37. Nb3 Ke4 38. f3+
Kf4 39. Nc5 Nc7 40. Nd3+ Kg3 41. Ke3 f5 42. Nc5 Kg2 43. Ke2 Nd5 44. Ne6 g4 45.
fxg4 fxg4 46. Kd3 Kf3 47. Ng5+ Kf4 48. Ne6+ Kf5 49. Nc5 g3 50. Ke2 Kg4 51. Kf1
Kf3 52. Nd3 Ke3 53. Nc5 Nf4 54. d5 g2+ 0-1

[Event "Iranian Final Chess Championship"]
[Site "?"]
[Date "2006.12.26"]
[Round "7"]
[White "Bagheri, Amir"]
[Black "Ghorbani, Mohsen"]
[Result "1-0"]
[WhiteElo "2486"]
[BlackElo "2304"]
[PlyCount "85"]
[EventDate "2006.??.??"]
[TimeControl "240+2"]

{71MB, Fritz8.ctg} 1. d4 d6 2. Nf3 Bg4 3. c4 Nd7 4. Qb3 Rb8 5. h3 Bxf3 6. Qxf3
g6 7. Qd3 Bg7 8. e4 c5 9. d5 Ngf6 10. Nc3 O-O 11. Be2 a6 12. a4 Re8 13. Bf4 Rf8
14. O-O Ne8 15. Rad1 Nc7 16. Qc2 Bd4 17. Kh1 Ne8 18. Bh6 Ng7 19. f4 e5 20. dxe6
fxe6 21. Bg4 Qe7 22. Ne2 e5 23. Bxd7 Qxd7 24. f5 gxf5 25. Bxg7 Kxg7 26. exf5 b5
27. axb5 axb5 28. b3 bxc4 29. bxc4 Rb4 30. Ng3 Kh8 31. f6 Qe6 32. Ne4 Rxc4 33.
Qd2 Qg8 34. Qh6 Rc2 35. Ng5 e4 36. Rxd4 cxd4 37. f7 Qg7 38. Qxg7+ Kxg7 39. Ne6+
Kh6 40. Nxf8 Rc8 41. Ne6 d3 42. Rf6+ Kh5 43. Kh2 1-0

[Event "Iranian Final Chess Championship"]
[Site "?"]
[Date "2006.12.26"]
[Round "7"]
[White "Moosavian, S.Hamed"]
[Black "Mahjoob, Morteza"]
[Result "0-1"]
[WhiteElo "2345"]
[BlackElo "2465"]
[PlyCount "70"]
[EventDate "2006.??.??"]
[TimeControl "240+2"]

{71MB, Fritz8.ctg} 1. e4 c5 2. Nf3 Nc6 3. Nc3 d6 4. Bc4 e6 5. d4 cxd4 6. Nxd4
Nf6 7. Be3 a6 8. Bb3 Be7 9. O-O Qc7 10. f4 Na5 11. Qf3 Bd7 12. Rad1 h5 13. f5
Nc4 14. fxe6 fxe6 15. Bxc4 Qxc4 16. e5 dxe5 17. Qxb7 Qc8 18. Qxc8+ Rxc8 19. Nb3
Bc6 20. Bg5 h4 21. h3 Rh5 22. Be3 Bb4 23. Bd2 Bxc3 24. bxc3 Bb5 25. Rfe1 Nd5
26. Re4 Nxc3 27. Bxc3 Rxc3 28. Rd2 Ke7 29. Nc1 Rf5 30. Ne2 Rc4 31. Re3 Bc6 32.
c3 Rg5 33. Nc1 Rc5 34. Nd3 Rxc3 35. Re1 Bxg2 0-1

[Event "Iranian Final Chess Championship"]
[Site "?"]
[Date "2006.12.27"]
[Round "8"]
[White "Moradi, Behrooz"]
[Black "Mahjoob, Morteza"]
[Result "0-1"]
[WhiteElo "2299"]
[BlackElo "2465"]
[PlyCount "90"]
[EventDate "2006.??.??"]
[TimeControl "240+2"]

{71MB, Fritz8.ctg} 1. e4 c5 2. Nf3 Nc6 3. d4 cxd4 4. Nxd4 Nf6 5. Nc3 d6 6. f3
g6 7. Be3 Bg7 8. Qd2 O-O 9. Bc4 Nxd4 10. Bxd4 Be6 11. Nd5 Bxd5 12. Bxd5 Qc7 13.
O-O-O Rfc8 14. c3 a5 15. h4 e6 16. Bb3 a4 17. Bc2 a3 18. Bb3 axb2+ 19. Kxb2 d5
20. exd5 Nxd5 21. Bxg7 Kxg7 22. Qd4+ Kg8 23. h5 Qxc3+ 24. Qxc3 Nxc3 25. Rd7
gxh5 26. Rxb7 Ra5 27. Rd7 Na4+ 28. Bxa4 Rxa4 29. a3 Rb8+ 30. Ka2 Rba8 31. Rd3
h4 32. Rb1 Kg7 33. Rb7 Kg6 34. Kb2 h3 35. gxh3 Rh4 36. Kb3 Rxh3 37. a4 Rh1 38.
Rb5 Rb1+ 39. Kc2 Ra1 40. f4 Ra2+ 41. Kd1 R8xa4 42. f5+ exf5 43. Rd6+ f6 44.
Rbb6 Rg4 45. Rxf6+ Kg5 0-1

[Event "Iranian Final Chess Championship"]
[Site "?"]
[Date "2006.12.27"]
[Round "8"]
[White "Ghorbani, Mohsen"]
[Black "Moosavian, S.Hamed"]
[Result "0-1"]
[WhiteElo "2304"]
[BlackElo "2345"]
[PlyCount "130"]
[EventDate "2006.??.??"]
[TimeControl "240+2"]

{71MB, Fritz8.ctg} 1. c4 e6 2. Nf3 c5 3. g3 Nc6 4. Bg2 Nf6 5. O-O d5 6. cxd5
Nxd5 7. d4 Be7 8. dxc5 Bxc5 9. Nbd2 O-O 10. Qc2 Be7 11. a3 Qc7 12. Nb3 f6 13.
Rd1 Rd8 14. Ne1 Nb6 15. Be3 Rxd1 16. Rxd1 e5 17. Be4 h6 18. Bxb6 Qxb6 19. Qc4+
Kh8 20. Nf3 f5 21. Bd5 Bd7 22. Nh4 Bxh4 23. Qxh4 Rf8 24. Bc4 Be8 25. Rd6 Kh7
26. Rd1 Bf7 27. Bxf7 Rxf7 28. Qc4 Re7 29. Rd5 a6 30. e3 Rc7 31. Qd3 e4 32. Qd1
Rf7 33. Qc2 a5 34. Qc4 Rf6 35. h4 Rf7 36. h5 Qc7 37. Nxa5 Rf6 38. Rc5 Qd7 39.
Nxc6 bxc6 40. Qe2 Rd6 41. Rc2 Rd3 42. Kg2 Qd5 43. Qe1 f4 44. gxf4 Qxh5 45. Qe2
Qg6+ 46. Kf1 Qf5 47. Rc1 Qh3+ 48. Ke1 c5 49. a4 c4 50. a5 Qh1+ 51. Qf1 Qh5 52.
Qg2 Qxa5+ 53. Kf1 Qd5 54. Qg4 h5 55. Qh3 Rd2 56. f5 Rxf2+ 57. Kxf2 Qd2+ 58. Kg3
Qxe3+ 59. Kg2 Qd2+ 60. Kg3 Qg5+ 61. Kf2 Qxc1 62. Qxh5+ Qh6 63. Qxh6+ gxh6 64.
Ke3 Kg7 65. Kxe4 Kf6 0-1

[Event "Iranian Final Chess Championship"]
[Site "?"]
[Date "2006.12.27"]
[Round "8"]
[White "Ghaem Maghami, Ehsan"]
[Black "Bagheri, Amir"]
[Result "1-0"]
[WhiteElo "2580"]
[BlackElo "2486"]
[PlyCount "153"]
[EventDate "2006.??.??"]
[TimeControl "240+2"]

{71MB, Fritz8.ctg} 1. d4 Nf6 2. c4 e6 3. Nf3 Bb4+ 4. Bd2 c5 5. Bxb4 cxb4 6. Qd3
d6 7. e4 O-O 8. Nbd2 Qe7 9. Be2 e5 10. O-O Bg4 11. a3 bxa3 12. Qxa3 Nc6 13. d5
Bxf3 14. Nxf3 Nb8 15. Nd2 b6 16. b4 Rc8 17. Qe3 a5 18. c5 dxc5 19. bxa5 Rxa5
20. Rxa5 bxa5 21. Nc4 Ne8 22. Bg4 Rc7 23. Rb1 Rb7 24. Rd1 Nd7 25. Nxa5 Rc7 26.
Nc6 Qd6 27. Bxd7 Rxd7 28. Rc1 f5 29. exf5 Qxd5 30. Qxe5 Qxe5 31. Nxe5 Rd5 32.
f4 Nd6 33. g4 h5 34. h3 hxg4 35. hxg4 c4 36. Ra1 c3 37. Rc1 Rc5 38. Kf2 c2 39.
Ke3 Rc3+ 40. Ke2 Nc4 41. Nd3 Na3 42. Kd2 Nb1+ 43. Ke2 Rc4 44. Ke3 Kf8 45. g5
Nc3 46. Kd2 Nd5 47. Rxc2 Rxc2+ 48. Kxc2 Ne3+ 49. Kc3 Nxf5 50. Kc4 Ke7 51. Kd5
Nd6 52. Ne5 Nf5 53. Nc6+ Kf7 54. Ke5 Ne3 55. f5 Nc4+ 56. Kd5 Nb6+ 57. Kc5 Na4+
58. Kd6 Nc3 59. Ke5 Nb5 60. Nd8+ Ke7 61. Ne6 Kf7 62. Nf4 Nc7 63. Nd5 Nb5 64.
Nf4 Nc3 65. Ne6 Ne2 66. Nd8+ Kf8 67. Ne6+ Kg8 68. Nf4 Ng3 69. Nd5 Ne2 70. Nc7
Kf7 71. Ne6 Nc3 72. Nf4 Kg8 73. g6 Nd1 74. Ke6 Ne3 75. Nd5 Nxf5 76. Kxf5 Kf8
77. Ke6 1-0

[Event "Iranian Final Chess Championship"]
[Site "?"]
[Date "2006.12.27"]
[Round "8"]
[White "Golizadeh, Asghar"]
[Black "Roghani, Arash"]
[Result "1-0"]
[WhiteElo "2233"]
[BlackElo "2383"]
[PlyCount "69"]
[EventDate "2006.??.??"]
[TimeControl "240+2"]

{71MB, Fritz8.ctg} 1. e4 e6 2. d4 d5 3. Nc3 Bb4 4. e5 c5 5. a3 Bxc3+ 6. bxc3
Ne7 7. Qg4 O-O 8. Bd3 Nbc6 9. Qh5 Ng6 10. Nf3 Qc7 11. O-O c4 12. Be2 f6 13.
exf6 Rxf6 14. g3 Bd7 15. Bg5 Rff8 16. Rfe1 Be8 17. Qh3 Qf7 18. Be3 h6 19. Nd2
e5 20. Bg4 Qf6 21. Nf3 e4 22. Nd2 Rd8 23. f3 exf3 24. Nxf3 Qd6 25. Bg5 Ra8 26.
Re6 Qc7 27. Rae1 Rxf3 28. Bxf3 Bf7 29. Bd2 Qa5 30. Qg4 Kh7 31. h4 Rd8 32. h5
Nf8 33. Re7 Nxe7 34. Rxe7 Bg6 35. Qf4 1-0